[Event "*** Titled Tuesday Blitz"]
[Site "Chess.com"]
[Date "2021.04.27"]
[Round "7"]
[White "MPGM"]
[Black "monikarozman"]
[Result "1-0"]
[WhiteElo "2489"]
[BlackElo "2210"]
[TimeControl "180+1"]
[EndTime "11:17:29 PDT"]
[Termination "MPGM won by resignation"]

1. e4 c5 2. Nf3 Nc6 3. Bb5 g6 4. O-O Bg7 5. Re1 e5 6. Bxc6 dxc6 7. d3 Qc7 8. Be3 b6 9. a3 Nf6 10. b4 O-O 11. bxc5 Ng4 12. Nbd2 f5 13. h3 Nxe3 14. Rxe3 f4 15. Re1 Qe7 16. cxb6 axb6 17. Qb1 b5 18. Qb4 Qf6 19. a4 bxa4 20. Rxa4 Rxa4 21. Qxa4 g5 22.
Rb1 h5 23. Rb6 Bd7 24. Nc4 Qe7 25. Rb7 g4 26. hxg4 hxg4 27. Qa7 gxf3 28. Rxd7 Qg5 29. Rxg7+ Qxg7 30. Qxg7+ Kxg7 31. Nxe5 fxg2 32. Kxg2 Rc8 33. Kf3 Kf6 34. Kxf4 c5 35. Nc4 Ke6 36. Ke3 Rh8 37. f4 Rh2 38. f5+ Ke7 39. c3 Rh1 40.
e5 Re1+ 41. Kf4 Rf1+ 42. Ke4 Re1+ 43. Kd5 Rd1 44. f6+ Kf7 45. Nd6+ Kf8 46. d4 cxd4 47.
cxd4 Ra1 48. Ke6 Ra6 49. d5 Ra7 50. Nf5 Ra6+ 51. d6 Rb6 52. Ne7 Ra6 53. Ng6+ Ke8 54. f7+ 1-0

[Event "*** Titled Tuesday Blitz"]
[Site "Chess.com"]
[Date "2021.04.27"]
[Round "7"]
[White "Nafania1"]
[Black "IMRosen"]
[Result "1/2-1/2"]
[WhiteElo "2545"]
[BlackElo "2669"]
[TimeControl "180+1"]
[EndTime "11:17:30 PDT"]
[Termination "Game drawn by repetition"]

1. e4 e5 2. Nf3 Nf6 3. Nxe5 Nc6 4.
Nxc6 dxc6 5. Nc3 Bc5 6. h3 Bd4 7. d3 Qd6 8. Be3 Bxe3 9. fxe3 Qg3+ 10. Kd2 Be6 11. Qf3 Qg5 12. Qf4 Qa5 13. a3 O-O-O 14. b4 Qh5 15. Be2 Qg6 16. g4 Nd7 17. Kc1 f6 18. Kb2 Rhe8 19. h4 Kb8 20. h5 Qf7 21. g5 fxg5 22. Qxg5 Nb6 23. Raf1 Qd7 24.
Rhg1 Re7 25. Bg4 Rde8 26. Bxe6 Qxe6 27. Qf5 Qh6 28. Qg5 Qd6 29. Qf5 Qh6 30. Qg5 Qd6 31.
Qf5 a5 32. Qc5 Qh6 33. Qg5 Qd6 34. Qc5 axb4 35. axb4 Qxc5 36. bxc5 Nd7 37. d4 Nf6 38. e5 Nxh5 39. Rf3 g6 40. Ne4 Ng7 41. Nf6 Rh8 42. Rh3 Nf5 43. Rxg6 Nxe3 44. Rgh6 Nf5 45. Rxh7 Rexh7 46. Rxh7 Rxh7 47. Nxh7 Nxd4 48. Ng5 Kc8 49. Kc3 Nf5 50.
Kd3 Kd7 51. Ke4 Ng3+ 52. Kf3 Nf5 53. Ke4 Ng3+ 54. Kf3 Nf5 55. Ke4 1/2-1/2

[Event "*** Titled Tuesday Blitz"]
[Site "Chess.com"]
[Date "2021.04.27"]
[Round "7"]
[White "nss13"]
[Black "I_am_a_Miracle"]
[Result "1-0"]
[WhiteElo "2541"]
[BlackElo "2382"]
[TimeControl "180+1"]
[EndTime "11:17:30 PDT"]
[Termination "nss13 won on time"]

1. e4 g6 2. d4 Bg7 3. Nf3 d6 4.
Bc4 Nf6 5. Qe2 c6 6. Bb3 O-O 7. O-O Bg4 8. Nbd2 a5 9. a4 Na6 10. h3 Bxf3 11. Nxf3 Nd7 12. e5 dxe5 13. dxe5 Nac5 14.
Bc4 e6 15. b3 Qc7 16. Re1 Rfb8 17. Ba3 b6 18. Rad1 Rd8 19. Rd2 Bh6 20. Rd4 Kg7 21. Red1 Nf8 22. Bxc5 bxc5 23. Rd6 Rd7 24. Qe4 Rc8 25.
g3 Kg8 26. Kg2 Bg7 27. R1d3 h6 28. h4 Qb7 29. Rd2 Qc7 30. Ba6 Rcd8 31. Rxc6 Qa7 32. Rxd7 Nxd7 33. Rd6 Qb8 34. Bb5 Nf8 35. Rxd8 Qxd8 36.
Qd3 Qb6 37. Qe4 g5 38. hxg5 hxg5 39. Nxg5 Ng6 40. f4 Bf8 41. Nf3 c4 42. Bxc4 Qc5 43.
Bd3 Qc3 44. Qe1 Qc6 45. Bxg6 fxg6 46. Qe2 Bc5 47. Kh3 Qd5 48. Kh2 Bb6 49. Ng5 Kg7 50.
Qg2 Qc5 51. Qb7+ Bc7 52. Nxe6+ 1-0

[Event "*** Titled Tuesday Blitz"]
[Site "Chess.com"]
[Date "2021.04.27"]
[Round "7"]
[White "Mikhal867"]
[Black "HanSchut"]
[Result "1-0"]
[WhiteElo "2440"]
[BlackElo "2287"]
[TimeControl "180+1"]
[EndTime "11:17:30 PDT"]
[Termination "Mikhal867 won by resignation"]

1. c4 Nf6 2. Nc3 d5 3. cxd5 Nxd5 4. e4 Nb4 5. Bc4 Nd3+ 6. Ke2 Nf4+ 7. Kf1 Be6 8. Bxe6 Nxe6 9. Nf3 c5 10. Nd5 Nc6 11.
b4 Nxb4 12. Nxb4 cxb4 13. d4 Qd7 14. Be3 O-O-O 15. Rc1+ Kb8 16. d5 Nc7 17. Bf4 Rc8 18. Ne5 Qb5+ 19. Qe2 Qe8 20. Qc4 f6 21. Nd3 e5 22.
dxe6 Qc6 23. Qxc6 bxc6 24. Rxc6 Kb7 25. Rc4 Nxe6 26. Rxc8 Kxc8 27. Be3 a5 28. Ke2 Kb7 29. f4 Be7 30. f5 Nc7 31. Rc1 Nb5 32. Kf3 Nc3 33. a3 Bd6 34. axb4 axb4 35. Bd4 Nb5 36. Ke3 Rc8 37. Rb1 Nxd4 38. Kxd4 Kc6 39. Nxb4+ Bxb4 40. Rxb4 Rd8+ 41. Ke3 Rd1 42. Rc4+ Kb5 43. Rc2 Rd6 44. Kf4 Kb4 45. g4 Kb3 46. Rc7 Rd2 47. h4 g5+ 48.
hxg5 fxg5+ 49. Kxg5 Rh2 50. Kf4 Kb4 51. e5 Kb5 52. e6 Kb6 53. Rc1 Rf2+ 54. Ke5 Re2+ 55. Kf6 1-0

[Event "*** Titled Tuesday Blitz"]
[Site "Chess.com"]
[Date "2021.04.27"]
[Round "7"]
[White "Artem_Sadovsky"]
[Black "serhanberat_ozdemir"]
[Result "1/2-1/2"]
[WhiteElo "2696"]
[BlackElo "2579"]
[TimeControl "180+1"]
[EndTime "11:17:37 PDT"]
[Termination "Game drawn by repetition"]

1. Nf3 Nf6 2. c4 g6 3. b3 Bg7 4.
Bb2 O-O 5. e3 c5 6. Be2 Nc6 7.
O-O b6 8. d4 cxd4 9. Nxd4 Bb7 10. Bf3 d5 11. cxd5 Nxd4 12. Bxd4 Bxd5 13. Nc3 Bxf3 14.
Qxf3 Rc8 15. Rfd1 Qd6 16. Ne4 Qc6 17. Nxf6+ Bxf6 18. Qxc6 Rxc6 19. Bxf6 Rxf6 20. Rd7 a5 21.
Rc1 Ra8 22. g4 a4 23. b4 a3 24. Rxe7 Rd8 25. Rc2 Rd1+ 26. Kg2 Rb1 27. g5 Rf5 28. h4 Rb2 29. Rc8+ Kg7 30. Ree8 Rbxf2+ 31. Kg3 R2f3+ 32.
Kg4 h5+ 33. gxh6+ Kxh6 34. Rh8+ Kg7 35. h5 gxh5+ 36. Rxh5 Rxh5 37. Kxf3 Rh2 38. Rc6 Rxa2 39. Rxb6 Rb2 40. Ke4 a2 41. Ra6 Rxb4+ 42. Kf5 Rb2 43. e4 Rf2+ 44. Ke5 Rh2 45. Kf5 Rh5+ 46. Kg4 Rh2 47.
Kg5 Rb2 48. Kf5 Rb5+ 49. Kf4 Rb2 50. Kf5 1/2-1/2

[Event "*** Titled Tuesday Blitz"]
[Site "Chess.com"]
[Date "2021.04.27"]
[Round "7"]
[White "CM_rui"]
[Black "ybruned"]
[Result "0-1"]
[WhiteElo "2503"]
[BlackElo "2380"]
[TimeControl "180+1"]
[EndTime "11:17:37 PDT"]
[Termination "ybruned won by checkmate"]

1. e4 b6 2. d4 Bb7 3. Nc3 e6 4. Nf3 Bb4 5. Bd3 Nf6 6. e5 Nd5 7. Bd2 Nxc3 8. bxc3 Be7 9. Qe2 d6 10. c4 O-O 11. h4 dxe5 12. Bxh7+ Kxh7 13. Ng5+ Kg8 14. Qh5 Be4 15. Nxe4 g6 16. Qxe5 Nc6 17. Qf4 Qxd4 18.
Bc3 e5 19. Bxd4 exf4 20. Bc3 f5 21. Ng5 Bb4 22. Bxb4 Nxb4 23. Kd2 Rfd8+ 24. Kc3 Nc6 25. Rae1 Re8 26. Rd1 Rad8 27. Rde1 Kg7 28. h5 Kf6 29.
Nh7+ Kg7 30. Ng5 Kf6 31. Nf3 g5 32. h6 Rxe1 33. Rxe1 Rh8 34. Rh1 Kg6 35. Re1 Rxh6 36. Re6+ Kh5 37. Re8 g4 38. Nd2 Na5 39. Rf8 Kg5 40.
Rg8+ Rg6 41. Rf8 c5 42. Rf7 Rf6 43. Rxa7 Rg6 44. Rf7 Re6 45. Rg7+ Kh6 46. Rf7 Kg6 47.
Rf8 Re2 48. Nb3 Nxb3 49. axb3 Rxf2 50. Rd8 Rxg2 51. Rd6+ Kg5 52. Rxb6 f3 53. b4 f2 54.
bxc5 f1=Q 55. c6 Qe1+ 56. Kd4 Qf2+ 57. Kd5 Qxb6 58. c3 Rc2 59. c5 Qc7 60. Kc4 Rxc3+ 61. Kxc3 Qxc6 62. Kb4 g3 63. Kc4 g2 64. Kd4 g1=Q+ 65.
Ke5 Qgxc5# 0-1

[Event "*** Titled Tuesday Blitz"]
[Site "Chess.com"]
[Date "2021.04.27"]
[Round "7"]
[White "harlem4brew"]
[Black "Nuvas"]
[Result "0-1"]
[WhiteElo "2403"]
[BlackElo "2641"]
[TimeControl "180+1"]
[EndTime "11:17:40 PDT"]
[Termination "Nuvas won by checkmate"]

1. e4 c5 2. Nf3 d6 3. d4 cxd4 4.
Nxd4 Nf6 5. Nc3 a6 6. Be2 e6 7.
O-O Nbd7 8. f4 b5 9. Bf3 Bb7 10. e5 Bxf3 11. Nxf3 Qb6+ 12. Kh1 Ng4 13. Qe1 dxe5 14.
Nxe5 Ndxe5 15. fxe5 Be7 16. h3 h5 17. Ne4 Nxe5 18.
Qg3 Ng6 19. Bg5 h4 20. Qh2 Bxg5 21. Nxg5 O-O 22. Rad1 Rad8 23. Rxd8 Qxd8 24. Nf3 Qd5 25. b3 Rc8 26. Rf2 e5 27. Rd2 Qe4 28. Qg1 f6 29.
Qd1 Nf4 30. Kh2 Kh7 31. Nxh4 Rc3 32. Nf3 Ng6 33. Qe1 Qf4+ 34. Kh1 e4 35. Ng1 Re3 36. Re2 Rxe2 37. Qxe2 Qf5 38. c4 Nf4 39. Qf2 Qe5 40.
cxb5 axb5 41. Ne2 Nxe2 42. Qxe2 e3 43. a4 b4 44. a5 f5 45. a6 f4 46. a7 Qa5 47.
a8=Q Qxa8 48. Qh5+ Kg8 49. Qe2 Qe4 50. Qe1 e2 51. Kh2 Qe3 52. Qb1 e1=Q 53. Qg6 Q1g1# 0-1

[Event "*** Titled Tuesday Blitz"]
[Site "Chess.com"]
[Date "2021.04.27"]
[Round "7"]
[White "Rodalquilar"]
[Black "AryanTari"]
[Result "1-0"]
[WhiteElo "2778"]
[BlackElo "2885"]
[TimeControl "180+1"]
[EndTime "11:17:42 PDT"]
[Termination "Rodalquilar won on time"]

1. d4 Nf6 2. Bf4 d5 3. e3 Bg4 4. Be2 Bxe2 5. Qxe2 a6 6. Nf3 e6 7. O-O c5 8. c4 Nc6 9. dxc5 Bxc5 10. Nc3 dxc4 11.
Qxc4 Be7 12. Ne5 Nxe5 13. Bxe5 O-O 14. Rfd1 Qa5 15. Qf4 Rac8 16. a3 Nh5 17. Qe4 f5 18. Qxb7 Qxe5 19. Qxe7 f4 20. e4 f3 21. g3 Nf6 22.
Qd6 Qh5 23. Qxe6+ Kh8 24. Qf5 Qh6 25. Rd6 Rcd8 26. Rxd8 Rxd8 27. Qxf3 Qh3 28. Rd1 Re8 29. Qg2 Qh5 30. f3 h6 31. Nd5 Nd7 32. Nf4 Qf7 33. Qd2 Ne5 34. Kg2 Qb7 35. Qb4 Qc6 36. Rd6 Qc2+ 37. Qd2 Qb3 38. Nd3 Nc4 39. Nc1 Nxd2 40. Nxb3 Nxb3 41. Rxa6 Rc8 42. Rb6 Rc2+ 43. Kh3 Nd4 44.
f4 h5 45. Kh4 Rxh2+ 46. Kg5 Nf3+ 47. Kg6 Nh4+ 48. gxh4 Rg2+ 49. Kf5 Kh7 50. a4 Rg4 51. a5 Rxh4 52. a6 Rh1 53. b4 Ra1 54. b5 Ra3 55.
Kg5 Ra4 56. Kxh5 Rxe4 57. a7 Ra4 58. Ra6 1-0

[Event "*** Titled Tuesday Blitz"]
[Site "Chess.com"]
[Date "2021.04.27"]
[Round "7"]
[White "mbojan"]
[Black "profofchess"]
[Result "1-0"]
[WhiteElo "2646"]
[BlackElo "2480"]
[TimeControl "180+1"]
[EndTime "11:17:42 PDT"]
[Termination "mbojan won on time"]

1. g3 d5 2. Bg2 c6 3. d3 Nf6 4. e3 g6 5. Ne2 Bg7 6. h3 O-O 7.
Nd2 a5 8. Rb1 a4 9. b3 Na6 10.
b4 e5 11. a3 Nc7 12. Bb2 Re8 13. Nf3 e4 14. Nfd4 exd3 15. cxd3 Ne6 16. O-O Ng5 17. Nf4 Ne6 18. Nfxe6 fxe6 19. Nf3 Qe7 20. Kh2 Nd7 21. Bxg7 Qxg7 22. d4 e5 23. dxe5 Nxe5 24.
Nxe5 Qxe5 25. b5 Bf5 26. Rb4 cxb5 27. Rxb5 Be4 28. Bxe4 Qxe4 29. Qxd5+ Qxd5 30. Rxd5 Red8 31. Rxd8+ Rxd8 32. Rb1 Rd3 33. Rxb7 Rxa3 34. g4 g5 35. Ra7 h6 36. Kg3 Ra2 37. Kf3 a3 38. Kg3 Kf8 39.
f4 Ra1 40. f5 a2 41. Kg2 Re1 42. Rxa2 Rxe3 43. Ra7 Kg8 44. Ra2 Kg7 45. Rf2 Rb3 46. Rf3 Rb2+ 47. Kg3 Kf6 48. Re3 Rb6 49. Kf3 Ra6 50. Ke4 Ra4+ 51. Kd5 Ra5+ 52. Kc6 Ra6+ 53. Kb7 Rd6 54. Kc7 Ra6 55. Kc8 Ra7 56. Re6+ Kg7 57. Re3 Kf7 58. Rd3 Ra8+ 59. Kd7 Ra7+ 60. Kc6 Ra6+ 61.
Kd5 Ra5+ 62. Ke4 Ra4+ 63. Ke5 Ra5+ 64. Rd5 Ra3 65. Rd7+ Ke8 66. Rh7 Rxh3 67. Ke6 Re3+ 68. Kf6 Re4 69. Rxh6 Rxg4 70. Rh8+ Kd7 71. Kg6 Rg1 72.
f6 1-0

[Event "*** Titled Tuesday Blitz"]
[Site "Chess.com"]
[Date "2021.04.27"]
[Round "7"]
[White "anon102030"]
[Black "alexrustemov"]
[Result "0-1"]
[WhiteElo "2743"]
[BlackElo "2613"]
[TimeControl "180+1"]
[EndTime "11:17:43 PDT"]
[Termination "alexrustemov won by checkmate"]

1. e4 e6 2. d3 d5 3. Nd2 c5 4. g3 Nc6 5. Bg2 g6 6. Ngf3 Bg7 7. O-O Nge7 8. Rb1 d4 9. Nh4 e5 10. f4 exf4 11. gxf4 O-O 12. Nb3 b6 13. f5 Qd6 14.
Bf4 Be5 15. Bxe5 Nxe5 16. f6 N7c6 17. Qd2 Re8 18. Qf4 Be6 19. Kh1 Qf8 20. Qg3 Kh8 21.
a3 Bxb3 22. cxb3 Qh6 23. Rbe1 Rad8 24. Bh3 a5 25. Re2 Rd6 26. Ng2 b5 27. Rc2 c4 28.
bxc4 bxc4 29. dxc4 d3 30. Rc3 d2 31. Rd1 Qh5 32. Ne3 Red8 33. Bg4 Nxg4 34. Qxg4 Qxg4 35.
Nxg4 h5 36. Ne3 Rxf6 37. Kg2 Rd4 38. Rc2 Rxe4 39. Nd5 Re2+ 40. Kg3 h4+ 41. Kh3 Rff2 42. Kxh4 Rxh2+ 43. Kg5 Kg7 44. Nf4 Ref2 45. Kg4 Nd4 46. Kg3 Nxc2 47. Nd3 Rfg2+ 48. Kf3 Nd4+ 49. Ke3 Nb3 50.
Nf4 Rg3+ 51. Ke4 Rh4 52. Ke5 Re3+ 53. Kd6 Rxf4 54. c5 Rd4+ 55. Kc6 Re1 56. Rxd2 Rxd2 57. Kb5 Rxb2 58. c6 Rc1 59. c7 Nd2+ 60. Ka4 Rxc7 61. Kxa5 Ra7# 0-1

[Event "*** Titled Tuesday Blitz"]
[Site "Chess.com"]
[Date "2021.04.27"]
[Round "7"]
[White "malakismayil"]
[Black "Vladyslav_Puchka"]
[Result "0-1"]
[WhiteElo "2238"]
[BlackElo "2119"]
[TimeControl "180+1"]
[EndTime "11:17:43 PDT"]
[Termination "Vladyslav_Puchka won on time"]

1. e4 d5 2. exd5 Qxd5 3. Nc3 Qd8 4. Bc4 Nf6 5. d3 a6 6. Nf3 b5 7. Bb3 e6 8. Qe2 Bb7 9. Bg5 Nbd7 10. a4 b4 11. Ne4 Be7 12. Ned2 h6 13. Bf4 Nb6 14. Be5 O-O 15. O-O Bd6 16. d4 c5 17. a5 Nbd5 18. Nc4 Bxe5 19. dxe5 Nd7 20. Rad1 Qc7 21. Rfe1 Bc6 22. Nd6 Qxa5 23. Ra1 Qb6 24. Bc4 a5 25. Qe4 Ne7 26. Qg4 Bd5 27. Bxd5 Nxd5 28. Ne4 a4 29. Rad1 Kh7 30. Ng3 a3 31. bxa3 bxa3 32. Rxd5 exd5 33.
Qxd7 Qe6 34. Qb5 a2 35. Ra1 Rfb8 36. Qd3+ g6 37. Qd1 Qb6 38. Nd2 Qb2 39. h4 Qxe5 40.
Qc1 c4 41. Rxa2 Rxa2 42. Nf3 Qa1 43. Qxa1 Rxa1+ 44. Kh2 Ra2 45. Ne5 Kg7 46. c3 Ra3 47.
h5 Rxc3 48. Nc6 Rb2 49. Ne7 Rxf2 50. Nxd5 Rcc2 51. Ne3 Ra2 52. hxg6 fxg6 53. Kh3 c3 54.
Ng4 Rxg2 55. Ne4 Rxg4 56. Kxg4 c2 0-1

[Event "*** Titled Tuesday Blitz"]
[Site "Chess.com"]
[Date "2021.04.27"]
[Round "7"]
[White "superchess02"]
[Black "Iskusnyh"]
[Result "1-0"]
[WhiteElo "2786"]
[BlackElo "2602"]
[TimeControl "180+1"]
[EndTime "11:17:44 PDT"]
[Termination "superchess02 won on time"]

1. c4 c5 2. Nf3 g6 3. g3 Bg7 4. Bg2 Nc6 5. O-O d6 6. Nc3 e6 7. e3 Nge7 8. d4 O-O 9. a3 b6 10. b4 Bb7 11. Rb1 cxd4 12. Nxd4 a6 13. Bb2 Rc8 14.
Nb3 Qc7 15. Ne4 Ne5 16. Nxd6 Bxg2 17. Kxg2 Rcd8 18. c5 Qc6+ 19. f3 Nc4 20. Bc1 Nxd6 21. cxd6 Rxd6 22. Qe2 Nd5 23. Bb2 Bxb2 24. Rxb2 Qc3 25.
Kf2 Nxe3 26. Rc1 Qe5 27. Rd2 Rxd2 28. Nxd2 Qb2 29. Rb1 Qxa3 30. Qxe3 Qa2 31. Qd4 Rc8 32. Ra1 Qc2 33. Ke2 Qf5 34. Ne4 e5 35. Qxb6 Qh3 36.
Ke3 Qh6+ 37. Kd3 Qxh2 38. Qxa6 Rd8+ 39. Kc3 Qg2 40. Qf1 Rc8+ 41. Nc5 Qxg3 42. Re1 Qf4 43.
Re4 Qf6 44. Qe2 h5 45. Rxe5 Re8 46. f4 h4 47. Kb3 Rd8 48. Re8+ Rxe8 49. Qxe8+ Kh7 50.
Qe5 Qc6 51. Ne4 Qb7 52. Nf6+ 1-0

[Event "*** Titled Tuesday Blitz"]
[Site "Chess.com"]
[Date "2021.04.27"]
[Round "7"]
[White "TeukkaSalama"]
[Black "KononenkoD"]
[Result "1-0"]
[WhiteElo "2382"]
[BlackElo "2502"]
[TimeControl "180+1"]
[EndTime "11:17:47 PDT"]
[Termination "TeukkaSalama won on time"]

1. d4 d5 2. Bf4 Nf6 3. e3 c5 4. c3 cxd4 5. exd4 Nc6 6. Nd2 Bf5 7.
Ngf3 e6 8. Qb3 Qc8 9. Nh4 Be4 10. Nxe4 Nxe4 11. Nf3 Be7 12. Bd3 f5 13. O-O O-O 14. Rae1 g5 15. Bc1 g4 16. Ne5 Nxe5 17. dxe5 Bc5 18.
Bxe4 dxe4 19. Be3 Bxe3 20. Rxe3 Rd8 21. h3 h5 22. hxg4 hxg4 23. Ree1 Qc6 24. Rd1 Rd5 25. Rxd5 Qxd5 26. Rd1 Qxb3 27. axb3 Rc8 28. Rd7 Rc5 29.
Rxb7 a5 30. c4 Kf8 31. b4 axb4 32. Rxb4 Rxe5 33. Rb7 e3 34. fxe3 Rxe3 35. b4 g3 36. Kf1 Rc3 37. c5 f4 38. Rc7 Rb3 39. Rb7 Rc3 40.
Ke2 e5 41. Rb6 e4 42. Rf6+ Ke7 43. Rxf4 Rc4 44. Ke3 Kd7 45. Rxe4 Rc2 46. Kf3 Rc3+ 47. Kg4 Kc6 48. Rf4 Kb5 49. Rf3 Rc4+ 50. Kxg3 Rxb4 51.
Rf5 Kc6 52. Kh3 Rb1 53. g4 Rh1+ 54. Kg3 Rg1+ 55. Kf4 Rf1+ 56. Kg5 Kd7 57. Rxf1 1-0

[Event "*** Titled Tuesday Blitz"]
[Site "Chess.com"]
[Date "2021.04.27"]
[Round "7"]
[White "laboratorio25"]
[Black "Leonid_Starozhilov"]
[Result "0-1"]
[WhiteElo "2540"]
[BlackElo "2678"]
[TimeControl "180+1"]
[EndTime "11:17:49 PDT"]
[Termination "Leonid_Starozhilov won by resignation"]

1. e4 g6 2. d4 Bg7 3. Nc3 d6 4. Nf3 Nf6 5. h3 O-O 6. Bd3 Nc6 7. O-O e5 8. d5 Ne7 9. Bg5 h6 10. Be3 c6 11. dxc6 bxc6 12. Qd2 Kh7 13. Rad1 Be6 14.
Be2 d5 15. Nxe5 Nxe4 16. Nxe4 Bxe5 17. Nc5 Nf5 18. Nxe6 fxe6 19. Bf4 Bg7 20. c3 e5 21. Bh2 Qb6 22. Bg4 Rae8 23. Bxf5 gxf5 24. Kh1 e4 25. Bf4 Rd8 26. Be3 c5 27. f3 d4 28. cxd4 cxd4 29.
Bg1 Qb7 30. Qf4 Qd5 31. Bxd4 Bxd4 32. fxe4 Qe5 33. Qxe5 Bxe5 34. Rxd8 Rxd8 35. exf5 Bxb2 36. g4 Rd3 37. Kg2 Be5 38. Rf3 Rd2+ 39. Rf2 Rxf2+ 40. Kxf2 Kg7 41. Kf3 Bf6 42. Ke4 Kf7 43. Kd5 Bh4 44.
Kc6 Kf6 45. Kb7 Bf2 46. a4 Bb6 47. Ka6 Be3 48. a5 Kg5 49. Kb7 h5 50. gxh5 Kxf5 51. h6 Kg6 52. Kc6 Kxh6 53. Kd5 Kh5 54. Ke4 Bg1 55. Kf3 Kh4 56. Kg2 Bc5 57. a6 Bd6 58. Kf3 Kxh3 59. Ke4 Bc5 60. Kd5 Bb6 61. Kc6 Kg4 62. Kb5 Kf4 63. Ka4 Ke4 64. Kb5 Kd5 65. Ka4 Kc6 66. Kb4 Bd8 67. Kc4 Kb6 0-1

[Event "*** Titled Tuesday Blitz"]
[Site "Chess.com"]
[Date "2021.04.27"]
[Round "7"]
[White "miredenizdogan"]
[Black "chessbia"]
[Result "1/2-1/2"]
[WhiteElo "2241"]
[BlackElo "2330"]
[TimeControl "180+1"]
[EndTime "11:17:49 PDT"]
[Termination "Game drawn by repetition"]

1. d4 d5 2. c4 e6 3. Nc3 Nf6 4. Nf3 Be7 5. cxd5 exd5 6. Bf4 c6 7. e3 O-O 8. Bd3 Re8 9. O-O Nbd7 10. a3 a5 11. Rb1 Nf8 12. b4 axb4 13. axb4 Bg4 14.
h3 Bh5 15. Be2 Bxf3 16. Bxf3 b5 17. Qc2 Ne6 18. Bh2 Nd7 19. Ne2 Rc8 20. Rb3 Nb6 21.
Ra1 Nc4 22. Ra6 Qd7 23. Nc1 Ra8 24. Rxa8 Rxa8 25. Nd3 Ra1+ 26. Rb1 Na3 27. Rxa1 Nxc2 28. Ra8+ Nf8 29. Ne5 Qb7 30. Re8 Bxb4 31. Bg4 Qa7 32. g3 Qa1+ 33. Kg2 Ne1+ 34. Kf1 Nf3+ 35. Kg2 Nxe5 36.
dxe5 g6 37. h4 h5 38. Bf3 Qa2 39. g4 Be1 40. Bg3 hxg4 41. Bxg4 Bd2 42. e6 fxe6 43. Bxe6+ Kg7 44. Bc8 Bc3 45. Bb7 Qc4 46.
Rc8 Ne6 47. Rxc6 Qxc6 48. Bxc6 d4 49. Bxb5 dxe3 50. fxe3 Kf6 51. Bc4 Nc5 52. Kf3 Bb2 53. Bf4 Nd7 54. Bd6 Ne5+ 55. Bxe5+ Bxe5 56. Bd3 Bc7 57.
Kg4 Be5 58. Kf3 Bd6 59. Be4 Bc7 60. Kg4 Be5 61. h5 gxh5+ 62. Kxh5 Bc7 63. Bg6 Ke5 64. e4 Bb6 65. Bf5 Bd4 66. Kg6 Bc5 67. Kf7 Bd4 68.
Kg6 Bc5 69. Kf7 Bd4 70. Kg6 1/2-1/2

[Event "*** Titled Tuesday Blitz"]
[Site "Chess.com"]
[Date "2021.04.27"]
[Round "7"]
[White "MatyChess1"]
[Black "GM_LOADING"]
[Result "1-0"]
[WhiteElo "2683"]
[BlackElo "2553"]
[TimeControl "180+1"]
[EndTime "11:17:51 PDT"]
[Termination "MatyChess1 won by resignation"]

1. e4 e5 2. Nf3 Nc6 3. Bc4 Nf6 4. d3 h6 5. c3 d6 6. O-O g6 7. a4 Bg7 8. a5 a6 9. Nbd2 O-O 10. Re1 Kh8 11.
Nf1 Nh7 12. Ne3 f5 13. exf5 gxf5 14. Nd5 Bd7 15. g3 Rc8 16. Nh4 Qe8 17. d4 Be6 18. Qb3 Qf7 19. Ne3 Bxc4 20. Qxc4 Qh5 21. Qe6 Ng5 22.
Qg6 Nf3+ 23. Kf1 Qxg6 24. Nxg6+ Kg8 25. Nxf8 Nxe1 26. Ne6 Nd3 27. Nxf5 Bf6 28. d5 Ne7 29. Nxh6+ Kh7 30. Ng4 Bh8 31. c4 e4 32. Ng5+ Kg6 33.
Nxe4 Nxc1 34. Rxc1 c6 35. Nxd6 Rd8 36. Nxb7 Rb8 37.
Nc5 Rxb2 38. d6 Nf5 39. d7 Rd2 40. Rb1 Rd6 41. Rb8 Bd4 42. d8=Q Rxd8 43. Rxd8 Bxc5 44.
Rc8 Ne7 45. Ra8 Kf5 46. Ne3+ Ke4 47. Rxa6 Kd4 48. Ra8 Kc3 49. Re8 Kb4 50. Rxe7 Bxe7 51. a6 Bc5 52. h4 Ka5 53. h5 Kxa6 54. Nf5 Bb4 55. Ke2 Bc3 56. Kd3 Bh8 57. g4 Kb6 58. g5 Kc5 59. g6 Kb4 60. g7 Bxg7 61. Nxg7 c5 62. Nf5 Kb3 63. Ne3 Kb2 64. h6 Kb3 65. h7 Ka3 66. h8=Q Ka4 67. Qb2 1-0

[Event "*** Titled Tuesday Blitz"]
[Site "Chess.com"]
[Date "2021.04.27"]
[Round "7"]
[White "canary2016"]
[Black "beto-betun"]
[Result "0-1"]
[WhiteElo "1994"]
[BlackElo "2223"]
[TimeControl "180+1"]
[EndTime "11:17:52 PDT"]
[Termination "beto-betun won by checkmate"]

1. d4 Nf6 2. c4 g6 3. Nf3 Bg7 4.
g3 O-O 5. Bg2 c6 6. O-O d6 7. Nc3 Qa5 8. e4 Bg4 9. h3 Bxf3 10.
Bxf3 Nbd7 11. Bd2 Qc7 12. Rc1 a6 13. d5 c5 14. a3 e6 15. b4 cxb4 16. axb4 Qxc4 17.
Na4 Qd4 18. Qe2 Ne5 19. Bg2 exd5 20. Bc3 Qd3 21. Qxd3 Nxd3 22. Rcd1 dxe4 23. Bxf6 Bxf6 24. Bxe4 Nxb4 25. Rxd6 Be5 26. Rb6 a5 27. Rxb7 Rab8 28. Ra7 Rb5 29. Rb1 Rfb8 30. Bf3 Nd3 31. Rd1 Bd4 32. Bc6 Bxf2+ 33. Kg2 Bxa7 34. Bxb5 Rxb5 35.
Rxd3 Kg7 36. Nc3 Rb3 37. Kf3 a4 38. Ke4 a3 39. Na2 Rxd3 40. Kxd3 f5 41. Kc3 Bb8 42. g4 fxg4 43. hxg4 Kf6 44. Nc1 Kg5 45. Nd3 Kxg4 46.
Nc5 h5 47. Ne4 h4 48. Nf2+ Kf3 49. Nh3 Kg3 50. Ng5 h3 51. Ne4+ Kg2 52. Nc5 h2 53. Nd3 h1=Q 54. Kb3 Qa1 55. Nb4 Qb2+ 56. Ka4 Qxb4+ 57.
Kxb4 a2 58. Kb5 a1=Q 59. Kb6 Qe5 60. Kb7 g5 61. Ka8 Kf3 62. Kb7 g4 63. Ka6 g3 64.
Kb6 g2 65. Kb7 g1=Q 66. Ka8 Qga1+ 67. Kb7 Qeb2+ 68. Kc8 Qac1+ 69. Kd8 Qbd2+ 70. Ke8 Qce1+ 71. Kf8 Kg2 72. Kg8 Kh1 73. Kh8 Qdf2 74. Kh7 Qee3 75. Kg8 Qeg3+ 76. Kh8 Qfh2# 0-1

[Event "*** Titled Tuesday Blitz"]
[Site "Chess.com"]
[Date "2021.04.27"]
[Round "7"]
[White "chessdjw"]
[Black "elextranjero00"]
[Result "0-1"]
[WhiteElo "2733"]
[BlackElo "2606"]
[TimeControl "180+1"]
[EndTime "11:17:53 PDT"]
[Termination "elextranjero00 won by checkmate"]

1. e4 e5 2. Nf3 Nc6 3. Bc4 Bc5 4.
c3 Nf6 5. d3 d6 6. O-O a5 7.
Re1 h6 8. Nbd2 O-O 9. Nf1 Be6 10.
Bb5 Bb6 11. Ng3 Ne7 12. d4 exd4 13. Nxd4 Bd7 14. Bxd7 Qxd7 15. Qf3 Qg4 16. Qd3 Rfe8 17. h3 Qg6 18. Bd2 d5 19. Qf3 Bxd4 20. e5 Ne4 21. Nxe4 dxe4 22. Rxe4 Bb6 23. Rg4 Qf5 24. Qxb7 Ng6 25.
Re1 Qxf2+ 26. Kh1 Qxd2 27. Rf1 Nxe5 28. Rg3 Rad8 29. Qe4 Qd5 30. Qh4 Ng6 31. Qg4 Re4 32. Qf3 Rde8 33. Rg4 Kh7 34. h4 Qe6 35. Rxe4 Qxe4 36.
h5 Qh4+ 37. Qh3 Qxh3+ 38. gxh3 Ne5 39. Kg2 Rd8 40. Kg3 f6 41. Kf4 Rd2 42. Kf5 Kg8 43. Ke6 Rd6+ 44. Kf5 Kf7 45. b4 axb4 46. cxb4 Rd4 47.
Rb1 Rd3 48. a4 Rf3+ 49. Ke4 Rxh3 50. a5 Bxa5 51. bxa5 Ra3 52. Rb5 c6 53. Rb7+ Kg8 54.
Ra7 c5 55. a6 c4 56. Kf5 Kh7 57. Ke6 c3 58. Ra8 c2 59. Rc8 Rxa6+ 60. Ke7 Rc6 61.
Rd8 c1=Q 62. Kf8 Qc5+ 63. Ke8 Rc8 64. Rxc8 Qxc8+ 65. Ke7 Qd7+ 66. Kf8 Qf7# 0-1

[Event "*** Titled Tuesday Blitz"]
[Site "Chess.com"]
[Date "2021.04.27"]
[Round "7"]
[White "Ze-Pequeno"]
[Black "Kolle05"]
[Result "1-0"]
[WhiteElo "2231"]
[BlackElo "2314"]
[TimeControl "180+1"]
[EndTime "11:17:53 PDT"]
[Termination "Ze-Pequeno won by resignation"]

1. e4 c5 2. Nf3 d6 3. d4 cxd4 4. Nxd4 Nf6 5. Nc3 a6 6. f4 e5 7. Nf3 Qc7 8. a4 Be7 9. Bd3 O-O 10. O-O Nc6 11. Kh1 Bg4 12. Qe1 Rfe8 13. Qg3 Bf8 14. Nd5 Nxd5 15. exd5 Bxf3 16. Qxf3 Nd4 17. Qf2 e4 18. Qxd4 exd3 19. Qxd3 Rac8 20. c3 Qc4 21. Qxc4 Rxc4 22. Bd2 Rc5 23. Rae1 Rxe1 24. Rxe1 Rxd5 25. Be3 b5 26. axb5 Rxb5 27. Re2 f6 28. g4 Kf7 29. Kg2 d5 30. Kf3 a5 31. Bd4 a4 32. Ke3 a3 33. bxa3 Bxa3 34. Ra2 Be7 35. Ra7 Kf8 36. Ra8+ Kf7 37. Ra7 Ke8 38. f5 Rb2 39. Ra8+ Kf7 40. Ra7 Ke8 41. Ra5 Rxh2 42. Rxd5 h5 43. gxh5 Rxh5 44.
Ke4 Rh4+ 45. Kd3 Kf7 46. Ra5 g6 47. Ra7 Rh7 48. Bc5 Ke8 49. Rxe7+ Rxe7 50. Bxe7 Kxe7 51.
fxg6 f5 52. Kd4 Kf6 53. c4 Kxg6 54. Ke5 Kf7 55. Kxf5 Ke7 56. Ke5 Kd7 57. Kd5 Kc7 58.
Kc5 Kd7 59. Kb6 Kc8 60. Kc6 Kb8 61. Kd7 Kb7 62. c5 Ka6 63. c6 Kb5 64. c7 Kc4 65. c8=Q+ Kd4 1-0